 Seeded DCSS version 0.30.1-3-gfc49f6343a (webtiles) character file.

Game seed: 20230804 (custom seed)

195 AccursedSamuel the Shooter (level 6, -1/40 (47) HPs)
             Began as a Formicid Hunter on Aug 8, 2023.
             Was an Initiate of Ru.
             Slain by a gnoll
             ... wielding a +0 spear
              (4 damage)
             ... on level 4 of the Dungeon.
             The game lasted 00:12:31 (3431 turns).

AccursedSamuel the Shooter (Formicid Hunter)        Turns: 3431, Time: 00:12:31

HP:   -1/40 (47)    AC:  3    Str: 16    XL:     6   Next: 4%
MP:   6/6           EV: 12    Int: 11    God:    Ru [......]
Gold: 150           SH:  0    Dex: 19    Spells: 5/5 levels left

rFire   . . .        x - +1 war axe of Kemuffou {freeze, Int+3}
rCold   . . .        (no shield)
rNeg    . . .        c - +0 leather armour
rPois   .            (helmet unavailable)
rElec   .            (no cloak)
rCorr   .            (no gloves)
SInv    +            (no boots)
Will    .....        (no amulet)
Stlth   ++           (no ring)
HPRegen 0.26/turn    (no ring)
MPRegen 0.10/turn

%: no passive effects
@: brilliant, heavily drained
A: permanent stasis, dig shafts and tunnels, antennae 3, four strong arms
a: Dig, Shaft Self, Renounce Religion, Sacrifice Arcana, Sacrifice Experience,
Sacrifice Resistance, Reject Sacrifices


You were on level 4 of the Dungeon.
You worshipped Ru.
Ru was noncommittal.
You visited 1 branch of the dungeon, and saw 4 of its levels.

You collected 150 gold pieces.

Inventory:

Hand Weapons
 a - a +0 shortbow
 w - a +0 arbalest {pain}
 x - the +1 war axe of Kemuffou (weapon) {freeze, Int+3}
   (You found it on level 4 of the Dungeon)

   Int:       It affects your intelligence (+3).
 y - a +0 dagger of draining
Armour
 c - a +0 leather armour (worn)
Jewellery
 q - a ring of poison resistance
Wands
 o - a wand of flame (11)
Scrolls
 b - 2 scrolls of immolation
 d - 3 scrolls of teleportation {unknown}
 i - 3 scrolls of identify {unknown}
 j - a scroll of fog {unknown}
 k - a scroll of enchant armour {unknown}
 m - a scroll of amnesia {unknown}
 n - 2 scrolls of blinking {unknown}
 v - a scroll of enchant weapon {unknown}
Potions
 e - 3 potions of mutation {unknown}
 f - a potion of magic {unknown}
 g - a potion of heal wounds {unknown}
 h - a potion of cancellation {unknown}
 l - a potion of haste {unknown}
 p - 2 potions of curing {unknown}
 r - 2 potions of ambrosia {unknown}
 s - a potion of brilliance
 t - a potion of attraction {unknown}
 u - a potion of invisibility {unknown}


   Skills:
 + Level 3.1 Fighting
 + Level 0.9 Axes
 + Level 5.6 Ranged Weapons
 + Level 2.2 Armour
 + Level 2.1 Dodging
 + Level 1.8 Stealth


You had 5 spell levels left.
You didn't know any spells.
Your spell library contained the following spells:

 Spells                   Type           Power      Damage    Failure   Level
 Apportation              Tloc           0%         N/A       41%         1
 Summon Forest            Summ/Tloc      0%         N/A       100%        5
 Dispersal                Tloc           0%         N/A       100%        6


Dungeon Overview and Level Annotations

Branches:
Dungeon (4/15)
 Temple: D:4-7

Altars:
Ru


Innate Abilities, Weirdness & Mutations

You cannot be hasted, slowed, berserked, paralysed or teleported.
You can dig through walls and to a lower floor.
You have a pair of large antennae on your head. (SInv)
Your four strong arms can wield two-handed weapons with a shield.


Message History

You kill the goblin!
Things that are here:
a +0 dagger of draining; a goblin corpse
y - a +0 dagger of draining A gnoll comes into view.
It is wielding a +0 spear.
You see here a goblin corpse.
The gnoll shouts!
A gnoll comes into view. It is wielding a +0 club.
The gnoll shouts!
The gnoll closely misses you.
You see here a goblin corpse.
The gnoll hits you with a +0 spear!
You hit the gnoll. You freeze the gnoll.
The gnoll is heavily wounded.
The gnoll barely misses you. The gnoll hits you with a +0 spear.
You slash the gnoll! You freeze the gnoll.
You kill the gnoll!
The gnoll closely misses you. The gnoll barely misses you.
You have reached level 6!
The gnoll hits you with a +0 spear.
You see here a +0 spear.
You closely miss the gnoll. The gnoll barely misses you.
You barely miss the gnoll. The gnoll hits you with a +0 spear.
The gnoll closely misses you.
You completely miss the gnoll. The gnoll misses you.
You closely miss the gnoll.
You hear the rapid rusting of a very distant drain.
The gnoll hits you with a +0 spear. The gnoll closely misses you.
You barely miss the gnoll. The gnoll hits you with a +0 spear.
* * * LOW HITPOINT WARNING * * *
You slash the gnoll! You freeze the gnoll.
The gnoll is severely wounded.
The gnoll hits you with a +0 spear!
* * * LOW HITPOINT WARNING * * *
You are too injured to fight recklessly!
Okay, then.
It was a potion of brilliance.
You feel clever all of a sudden. The gnoll hits you with a +0 spear.
You die...

#...........#
#.#
##...........#
#.#
#....(.......#
#.#
#.#..........#
#.#
..#..........#
#.#
.##..........#
#.#
...###########
#.# ...# #.#
...# #######
#@# ...#
....... #g#
...# .......
#.# ...#
....... #.#
#### .......
#.# .......
#.#
{....g..###†#
.......g...#
{.......#####


You could see a gnoll.

Vanquished Creatures
  An orc priest (D:4)
  An iguana (D:4)
  An orc wizard (D:3)
  A gnoll (D:4)
  3 adders
  2 worms
  4 dart slugs
  8 orcs
  4 ball pythons
  3 endoplasms
  2 giant cockroaches (D:3)
  4 goblins
  2 hobgoblins
  2 jackals (D:4)
  4 kobolds
  5 quokkas
  4 bats
  2 frilled lizards
  5 rats
58 creatures vanquished.

Notes
Turn   | Place    | Note
-------+----------+-------------------------------------------
     0 | D:1      | AccursedSamuel the Formicid Hunter began the quest for the
                  | Orb.
     0 | D:1      | Reached XP level 1. HP: 16/16 MP: 1/1
    45 | D:1      | Found a faded altar of an unknown god.
   212 | D:1      | Reached XP level 2. HP: 22/22 MP: 2/2
   872 | D:1      | Prayed at the altar of an unknown god.
   872 | D:1      | Became a worshipper of Ru the Awakened
  1118 | D:2      | Reached XP level 3. HP: 28/28 MP: 3/3
  1619 | D:2      | Reached skill level 1 in Armour
  1694 | D:2      | Reached XP level 4. HP: 33/34 MP: 4/4
  1953 | D:3      | Got the Almanac of Location
  2570 | D:3      | Reached skill level 5 in Ranged Weapons
  2779 | D:3      | Reached XP level 5. HP: 40/40 MP: 5/5
  2987 | D:4      | Identified the +1 war axe of Kemuffou {freeze, Int+3}
  3424 | D:4      | Reached XP level 6. HP: 27/40 MP: 6/6
  3431 | D:4      | Slain by a gnoll

Illustrated notes

Levels and vault maps discovered:
D:1:      roderic_octagonal_star, layout_basic,
          hellmonk_ecumenical_altar_run_dry, minmay_box_of_dots
D:2:      layout_loops_ring
D:3:      layout_basic, serial_aquarium, aquarium_bridge_long_separate
          [aquarium_subvault_wall, aquarium_subvault_wall,
          aquarium_subvault_bridge, aquarium_subvault_wall,
          aquarium_subvault_bridge, aquarium_subvault_bridge],
          aquarium_window_1, aquarium_window_fake, aquarium_view_2d,
          aquarium_view_4, aquarium_pool_1
D:4:      layout_basic, gammafunk_temple_overflow_forgotten,
          portal_sewer_entry_b

Skill      XL: |  1  2  3  4  5 |
---------------+----------------+-----
Armour         | 1 2 |  2.2
Ranged Weapons | 5 |  5.6
Dodging        | 2 |  2.1
Fighting       | 3 |  3.1
Axes           | |  0.9
Stealth        | |  1.8

Action                     |  1- 3 |  4- 6 || total
---------------------------+-------+-------++-------
  Melee: War axe           |       |    39 ||    39
   Fire: Shortbow          |    71 |    29 ||   100
         Arbalest          |       |     7 ||     7
    Use: Potion            |       |     1 ||     1
 Armour: Leather armour    |    22 |     6 ||    28
  Dodge: Dodged            |    62 |    58 ||   120
